3AAA
ALASKAN HUMPBACKS @ NAPERVILLE BATTLEKINGS
06/30/2026
 
TOP OF THE 1ST
Alaskan Humpbacks batting - Pitching for Naperville Battlekings : RHP Gordon Neugebauer
Pitching: RHP Gordon Neugebauer
Batting: RHB Pablo Marrero 0-0: Fly out, F7 (Flyball, 78M)
Batting: RHB Thom Beach 0-0: Ball
1-0: Foul Ball, location: 2F
1-1: Called Strike
1-2: Fly out, F7 (Flyball, 7S)
Batting: RHB Juan Tapia 0-0: Ball
1-0: Ball
2-0: Ball
3-0: Called Strike
3-1: Fly out, F8 (Flyball, 89D)
Top of the 1st over - 0 run(s), 0 hit(s), 0 error(s), 0 left on base; Alaskan 0 - Naperville 0
BOTTOM OF THE 1ST
Naperville Battlekings batting - Pitching for Alaskan Humpbacks : RHP Esteban González
Pitching: RHP Esteban González
Batting: LHB Ricardo Collazo 0-0: Ball
1-0: Foul Ball, location: 2F
1-1: Foul Ball, location: 2F
1-2: Foul Ball, location: 2F
1-2: Fly out, F7 (Flyball, 7)
Batting: LHB Stanley Belote 0-0: Called Strike
0-1: Foul Ball, location: 2F
0-2: Ball
1-2: Ball
2-2: Strikes out swinging
Batting: SHB Lupo Cotto 0-0: Ball
1-0: Swinging Strike
1-1: Ball
2-1: SINGLE (Flyball, 9S)
Batting: RHB Jorge Baker 0-0: Ball
1-0: Called Strike
1-1: Ball
2-1: Called Strike
2-2: Foul Ball, location: 2F
2-2: Foul Ball, location: 2F
2-2: Fielders Choice at 2nd, 6-4 (Groundball, 6)
Bottom of the 1st over - 0 run(s), 1 hit(s), 0 error(s), 0 left on base; Alaskan 0 - Naperville 0
TOP OF THE 2ND
Alaskan Humpbacks batting - Pitching for Naperville Battlekings : RHP Gordon Neugebauer
Batting: LHB Juan Montés 0-0: Called Strike
0-1: Ball
1-1: Ground out U3 (Groundball, 34)
Batting: LHB Tae-sang Han 0-0: Called Strike
0-1: Ground out 4-3 (Groundball, 34)
Batting: SHB Tony Martínez 0-0: Ball
1-0: Ball
2-0: Called Strike
2-1: Ball
3-1: Foul Ball, location: 2F
3-2: Foul Ball, location: 2F
3-2: Base on Balls
Batting: SHB Ted Hansen 0-0: Called Strike
0-1: Ball
1-1: Ball
2-1: Called Strike
2-2: Ball
3-2: Strikes out swinging
Top of the 2nd over - 0 run(s), 0 hit(s), 0 error(s), 1 left on base; Alaskan 0 - Naperville 0
BOTTOM OF THE 2ND
Naperville Battlekings batting - Pitching for Alaskan Humpbacks : RHP Esteban González
Batting: LHB Naohiro Sakai 0-0: Ball
1-0: Swinging Strike
1-1: SINGLE (Flyball, 34D)
Batting: RHB António Guzmán 0-0: Ball
1-0: Called Strike
1-1: Ball
2-1: Foul Ball, location: 2F
2-2: SINGLE (Groundball, 6MD)
Naohiro Sakai to second
Batting: RHB Jay Hood 0-0: Called Strike
0-1: Swinging Strike
0-2: SINGLE (Line Drive, 56D)
Naohiro Sakai to third
António Guzmán to second
Batting: RHB Álex Rodríguez 0-0: Called Strike
0-1: Ball
1-1: Ball
2-1: Fly out, F9 (Flyball, 9D)
Runner from 3rd tags up, SCORES, no throw
Batting: RHB Jimmy Dawson 0-0: Foul Ball, location: 2F
0-1: Ball
1-1: Reached via error on a dropped throw, E4
António Guzmán to third
Jay Hood to second
Batting: LHB Ricardo Collazo 0-0: Ball
1-0: Called Strike
1-1: Foul Ball, location: 2F
1-2: Ball
2-2: Ground out 6-3 (Groundball, 6S)
António Guzmán scores
Jay Hood to third
Jimmy Dawson to second
Batting: LHB Stanley Belote 0-0: Ball
1-0: Ground out 4-3 (Groundball, 4)
Bottom of the 2nd over - 2 run(s), 3 hit(s), 1 error(s), 2 left on base; Alaskan 0 - Naperville 2
TOP OF THE 3RD
Alaskan Humpbacks batting - Pitching for Naperville Battlekings : RHP Gordon Neugebauer
Batting: RHB Jim Unknown 0-0: Ball
1-0: Foul Ball, location: 2F
1-1: Called Strike
1-2: Ground out 5-3 (Groundball, 5S)
Batting: RHB Thomas Vaughan 0-0: Foul Ball, location: 2F
0-1: Ball
1-1: Called Strike
1-2: Ball
2-2: SINGLE (Flyball, 8RS)
Batting: RHB Pablo Marrero 0-0: Called Strike
0-1: Ball
1-1: Ball
2-1: Ball
3-1: Foul Ball, location: 2F
3-2: SINGLE (Line Drive, 6D)
Thomas Vaughan to second
Batting: RHB Thom Beach 0-0: Ball
1-0: Foul Ball, location: 2F
1-1: Ball
2-1: Called Strike
2-2: Foul Ball, location: 2F
2-2: Ball
3-2: Base on Balls
Thomas Vaughan to third
Pablo Marrero to second
Batting: RHB Juan Tapia 0-0: Ball
1-0: Foul Ball, location: 2F
1-1: Ball
2-1: Called Strike
2-2: Foul Ball, location: 2F
2-2: Ball
3-2: Strikes out swinging
Batting: LHB Juan Montés 0-0: Ball
1-0: Ball
2-0: Fielders Choice at 2nd, 4-6 (Groundball, 34D)
Top of the 3rd over - 0 run(s), 2 hit(s), 0 error(s), 2 left on base; Alaskan 0 - Naperville 2
BOTTOM OF THE 3RD
Naperville Battlekings batting - Pitching for Alaskan Humpbacks : RHP Esteban González
Batting: SHB Lupo Cotto 0-0: Called Strike
0-1: Foul Ball, location: 2F
0-2: Ball
1-2: Strikes out swinging
Pitching: RHP Mike Russell
Batting: RHB Jorge Baker 0-0: Ball
1-0: Foul Ball, location: 2F
1-1: Fly out, F1 (Line Drive, 15)
Batting: LHB Naohiro Sakai 0-0: Foul Ball, location: 2F
0-1: Swinging Strike
0-2: Ball
1-2: Fly out, F8 (Flyball, 8LS)
Bottom of the 3rd over - 0 run(s), 0 hit(s), 0 error(s), 0 left on base; Alaskan 0 - Naperville 2
TOP OF THE 4TH
Alaskan Humpbacks batting - Pitching for Naperville Battlekings : RHP Gordon Neugebauer
Batting: LHB Tae-sang Han 0-0: Ground out 3-1 (Groundball, 34)
Batting: SHB Tony Martínez 0-0: Called Strike
0-1: Swinging Strike
0-2: Ball
1-2: Strikes out swinging
Batting: SHB Ted Hansen 0-0: Called Strike
0-1: Called Strike
0-2: Ball
1-2: Strikes out swinging
Top of the 4th over - 0 run(s), 0 hit(s), 0 error(s), 0 left on base; Alaskan 0 - Naperville 2
BOTTOM OF THE 4TH
Naperville Battlekings batting - Pitching for Alaskan Humpbacks : RHP Mike Russell
Batting: RHB António Guzmán 0-0: Ground out 4-3 (Groundball, 4M)
Batting: RHB Jay Hood 0-0: SOLO HOME RUN (Flyball, 78XD), Distance : 401 ft
Batting: RHB Álex Rodríguez 0-0: Ball
1-0: SINGLE (Line Drive, 6MD)
Batting: RHB Jimmy Dawson 0-0: Ball
1-0: Called Strike
1-1: Foul Ball, location: 2F
1-2: Fly out, F2 (Popup, 2R)
Batting: LHB Ricardo Collazo 0-0: Ball
1-0: Ball
2-0: Ball
3-0: Called Strike
3-1: DOUBLE (Groundball, 5L)
Álex Rodríguez to third
Batting: LHB Stanley Belote 0-0: Foul Ball, location: 2F
0-1: Foul Ball, location: 2F
0-2: Ball
1-2: Ball
2-2: Ball
3-2: Ground out 4-3 (Groundball, 34)
Bottom of the 4th over - 1 run(s), 3 hit(s), 0 error(s), 2 left on base; Alaskan 0 - Naperville 3
TOP OF THE 5TH
Alaskan Humpbacks batting - Pitching for Naperville Battlekings : RHP Gordon Neugebauer
Batting: RHB Jim Unknown 0-0: Ball
1-0: Called Strike
1-1: Ground out 5-3 (Groundball, 5)
Batting: RHB Thomas Vaughan 0-0: Called Strike
0-1: Ball
1-1: Ball
2-1: Swinging Strike
2-2: Strikes out swinging
Batting: RHB Pablo Marrero 0-0: Called Strike
0-1: Foul Ball, location: 2F
0-2: Ball
1-2: Ball
2-2: Ground out 5-3 (Groundball, 5S)
Top of the 5th over - 0 run(s), 0 hit(s), 0 error(s), 0 left on base; Alaskan 0 - Naperville 3
BOTTOM OF THE 5TH
Naperville Battlekings batting - Pitching for Alaskan Humpbacks : RHP Mike Russell
Batting: SHB Lupo Cotto 0-0: Foul Ball, location: 2F
0-1: Ground out 3-1 (Groundball, 34S)
Batting: RHB Jorge Baker 0-0: Foul Ball, location: 2F
0-1: Ball
1-1: Called Strike
1-2: Fly out, F9 (Flyball, 9)
Batting: LHB Naohiro Sakai 0-0: Ball
1-0: Foul Ball, location: 2F
1-1: Ball
2-1: Fly out, F8 (Flyball, 8RM)
Bottom of the 5th over - 0 run(s), 0 hit(s), 0 error(s), 0 left on base; Alaskan 0 - Naperville 3
TOP OF THE 6TH
Alaskan Humpbacks batting - Pitching for Naperville Battlekings : RHP Gordon Neugebauer
Batting: RHB Thom Beach 0-0: Ground out 6-3 (Groundball, 6S)
Batting: RHB Juan Tapia 0-0: Ball
1-0: DOUBLE (Line Drive, 7LD)
Batting: LHB Juan Montés 0-0: Called Strike
0-1: Ball
1-1: Ball
2-1: Foul Ball, location: 2F
2-2: Ground out 4-3 (Groundball, 4)
Juan Tapia to third
Batting: LHB Tae-sang Han 0-0: Foul Ball, location: 2F
0-1: Foul Ball, location: 2F
0-2: Foul Ball, location: 2F
0-2: Foul Ball, location: 2F
0-2: Ball
1-2: Ground out 4-3 (Groundball, 34D)
Top of the 6th over - 0 run(s), 1 hit(s), 0 error(s), 1 left on base; Alaskan 0 - Naperville 3
BOTTOM OF THE 6TH
Naperville Battlekings batting - Pitching for Alaskan Humpbacks : RHP Mike Russell
Batting: RHB António Guzmán 0-0: Ball
1-0: Swinging Strike
1-1: Swinging Strike
1-2: Ball
2-2: Fly out, F8 (Flyball, 8LD)
Batting: RHB Jay Hood 0-0: Ball
1-0: Called Strike
1-1: Ball
2-1: Swinging Strike
2-2: Ball
3-2: Strikes out swinging
Batting: RHB Álex Rodríguez 0-0: Ball
1-0: Fly out, F4 (Popup, 4M)
Bottom of the 6th over - 0 run(s), 0 hit(s), 0 error(s), 0 left on base; Alaskan 0 - Naperville 3
TOP OF THE 7TH
Alaskan Humpbacks batting - Pitching for Naperville Battlekings : RHP Gordon Neugebauer
Batting: SHB Tony Martínez 0-0: Called Strike
0-1: Ball
1-1: Ball
2-1: Ball
3-1: Called Strike
3-2: SINGLE (Groundball, 4MD)
Pitching: RHP Jorge Vázquez
Batting: SHB Ted Hansen 0-0: Ball
1-0: Ball
2-0: Foul Ball, location: 2F
2-1: Hit by Pitch
Tony Martínez to second
Batting: RHB Jim Unknown 0-0: Called Strike
0-1: Ball
1-1: Called Strike
1-2: Fly out, F8 (Line Drive, 8LD)
Runner from 2nd tags up, SAFE at 3rd, no throw
Batting: RHB Thomas Vaughan 0-0: Ball
1-0: 3-RUN HOME RUN (Flyball, 78XD), Distance : 406 ft
Batting: RHB Pablo Marrero 0-0: Called Strike
0-1: Called Strike
0-2: Foul Ball, location: 2F
0-2: Ball
1-2: Ball
2-2: Ball
3-2: Ground out 5-3 (Groundball, 5)
Batting: RHB Thom Beach 0-0: Ball
1-0: Called Strike
1-1: Swinging Strike
1-2: Fly out, F8 (Line Drive, 8RM)
Top of the 7th over - 3 run(s), 2 hit(s), 0 error(s), 0 left on base; Alaskan 3 - Naperville 3
BOTTOM OF THE 7TH
Naperville Battlekings batting - Pitching for Alaskan Humpbacks : RHP Mike Russell
Batting: RHB Jimmy Dawson 0-0: Ball
1-0: SINGLE (Groundball, 6S) (infield hit)
Batting: LHB Ricardo Collazo 0-0: Ball
1-0: Swinging Strike
1-1: Sac Bunt - play at second, runner OUT! 1-6
Batting: LHB Stanley Belote Pickoff Throw to First - Error! E1
Ricardo Collazo to second
0-0: Swinging Strike
0-1: Ball
Ricardo Collazo is caught stealing 3rd base
1-1: Ball
2-1: Foul Ball, location: 2F
2-2: Foul Ball, location: 2F
2-2: Foul Ball, location: 2F
2-2: SINGLE (Groundball, 4M) (infield hit)
Batting: SHB Lupo Cotto 0-0: Ball
1-0: Foul Ball, location: 2F
1-1: Ball
Stanley Belote steals 2nd base
2-1: SINGLE (Flyball, 89S)
Stanley Belote to third
Runner from 3rd tries for Home, SAFE, no throw
Batting: RHB Jorge Baker 0-0: Ball
1-0: Called Strike
1-1: Ball
2-1: Fly out, F8 (Flyball, 8LD)
Bottom of the 7th over - 1 run(s), 3 hit(s), 1 error(s), 1 left on base; Alaskan 3 - Naperville 4
TOP OF THE 8TH
Alaskan Humpbacks batting - Pitching for Naperville Battlekings : RHP Jorge Vázquez
Batting: RHB Juan Tapia 0-0: Called Strike
0-1: Called Strike
0-2: SINGLE (Groundball, 56D)
Pitching: LHP Jason Puckett
Pinch Hitting: RHB Jack Peck 0-0: Ball
1-0: Called Strike
1-1: Fly out, F6 (Line Drive, 56)
Pinch Hitting: RHB Adrian Barr 0-0: Ball
1-0: Fly out, F5 (Popup, 5L)
Pinch Hitting: RHB Steven Grant 0-0: Fielders Choice at 2nd, 5-4 (Groundball, 5)
Top of the 8th over - 0 run(s), 1 hit(s), 0 error(s), 0 left on base; Alaskan 3 - Naperville 4
BOTTOM OF THE 8TH
Naperville Battlekings batting - Pitching for Alaskan Humpbacks : RHP Mike Russell
Now in LF: Bryan Gregg
Now in CF: Jim Unknown
Now in RF: Ron Howard
Batting: LHB Naohiro Sakai 0-0: Fly out, F8 (Flyball, 78S)
Batting: RHB António Guzmán 0-0: DOUBLE (Line Drive, 5D)
Batting: RHB Jay Hood 0-0: Intentional Walk
Pinch Hitting: RHB Jim Unknown 0-0: Ball
1-0: Fly out, F8 (Flyball, 8RS)
Batting: RHB Jimmy Dawson 0-0: Foul Ball, location: 2F
0-1: Foul Ball, location: 2F
0-2: Foul Ball, location: 2F
0-2: Foul Ball, location: 2F
0-2: Ball
1-2: Ball
2-2: Foul Ball, location: 2F
2-2: Strikes out looking
Bottom of the 8th over - 0 run(s), 1 hit(s), 0 error(s), 2 left on base; Alaskan 3 - Naperville 4
TOP OF THE 9TH
Alaskan Humpbacks batting - Pitching for Naperville Battlekings : LHP Jason Puckett
Pitching: RHP Sixto Palaeios
Now at C: Pedro González
Now in RF: Daryl Lloyd
Batting: SHB Ted Hansen 0-0: Called Strike
0-1: Ball
1-1: Ball
2-1: SINGLE (Line Drive, 7S)
Batting: RHB Jim Unknown 0-0: Bunted foul
0-1: Bunted foul
0-2: Ball
1-2: Ball
2-2: Ball
3-2: Grounds into double play, 4-6-3 (Groundball, 4)
Batting: RHB Thomas Vaughan 0-0: Swinging Strike
0-1: Called Strike
0-2: Ball
1-2: Ball
2-2: Foul Ball, location: 2F
2-2: Ground out 6-3 (Groundball, 6MS)
Top of the 9th over - 0 run(s), 1 hit(s), 0 error(s), 0 left on base; Alaskan 3 - Naperville 4
Monday, March 20th, 2017 - OOTP Baseball 17.12 Build 75